 Dungeon Crawl Stone Soup version 0.18-a0-1784-ga939a68 (webtiles) character file.

11365 Etesian the Destroyer (level 11, -2/54 HPs)
             Began as a Tengu Air Elementalist on Apr 18, 2016.
             Was the Champion of Sif Muna.
             Slain by a centaur zombie (3 damage)
             ... on level 11 of the Dungeon.
             The game lasted 00:52:15 (17692 turns).

Etesian the Destroyer (Tengu Air Elementalist)     Turns: 17692, Time: 00:52:15

Health: -2/54      AC:  4    Str:  9    XL:     11   Next: 76%
Magic:  10/22      EV: 11    Int: 22    God:    Sif Muna [******]
Gold:   560        SH:  0    Dex: 14    Spells: 6 memorised, 2 levels left

rFire  . . .     SeeInvis .     y - +1 halberd (freeze)
rCold  . . .     Gourm    .     a - +1 robe
rNeg   . . .     Faith    .     (shield currently unavailable)
rPois  +         Spirit   .     (helmet restricted)
rElec  .         Dismiss  .     x - +0 cloak
rCorr  .         Reflect  .     (no gloves)
SustAt .         Harm     .     (boots unavailable)
MR     .....                    (no amulet)
Stlth  ++........               f - +3 ring of intelligence
                                E - ring of poison resistance

@: repel missiles, not resistant to hostile enchantments, unstealthy
A: beak, talons 3, able to fly 1
a: Fly, Channel Energy, Forget Spell, Renounce Religion


You were on level 11 of the Dungeon.
You worshipped Sif Muna.
Sif Muna was exalted by your worship.
You were not hungry.

You visited 1 branch of the dungeon, and saw 11 of its levels.

You collected 560 gold pieces.

Inventory:

Hand Weapons
 y - a +1 halberd of freezing (weapon)
Missiles
 g - 5 throwing nets (quivered)
Armour
 a - a +1 robe (worn)
 x - a +0 cloak (worn)
Jewellery
 f - a +3 ring of intelligence (right hand)
 E - a ring of poison resistance (left hand)
Scrolls
 e - a scroll of recharging
 i - 5 scrolls of teleportation
 o - 4 scrolls of amnesia
 q - 2 scrolls of remove curse
 r - a scroll of magic mapping
 u - a scroll of fog
Potions
 d - a potion of cure mutation {unknown}
 h - 5 potions of might
 j - a potion of haste
 m - a potion of lignification {unknown}
 n - 3 potions of resistance
 p - 2 potions of agility {unknown}
 s - 2 potions of invisibility {unknown}
 t - 3 potions of curing
 v - a potion of brilliance {unknown}
 B - a potion of heal wounds {unknown}
 C - 3 potions of cancellation {unknown}
Books
 b - a book of Air

   Spells                             Type                      Level
   a - Shock                          Conjuration/Air              1
   b - Swiftness                      Charms/Air                   2
   c - Repel Missiles                 Charms/Air                   2
   d - Static Discharge               Conjuration/Air              3
   e - Lightning Bolt                 Conjuration/Air              5
 A - a book of the Sky

   Spells                             Type                      Level
   a - Summon Lightning Spire         Summoning/Air                4
   b - Airstrike                      Air                          4
   c - Silence                        Hexes/Air                    5
   d - Deflect Missiles               Charms/Air                   6
   e - Conjure Ball Lightning         Conjuration/Air              6
   f - Tornado                        Air                          9
Comestibles
 c - 2 bread rations
 k - 3 chunks of flesh
 l - 6 meat rations
 w - 3 fruits
 z - a royal jelly


   Skills:
 + Level 7.5 Dodging
 - Level 2.0 Stealth
 + Level 6.7 Spellcasting
 * Level 12.9 Conjurations
 * Level 12.8 Air Magic
 + Level 6.1 Invocations


You had 2 spell levels left.
You knew the following spells:

 Your Spells              Type           Power        Failure   Level  Hunger
a - Shock                 Conj/Air       ####         1%          1    None
b - Repel Missiles        Chrm/Air       #####.       1%          2    None
c - Airstrike             Air            ######....   1%          4    ###....
d - Static Discharge      Conj/Air       ######..     1%          3    #......
e - Lightning Bolt        Conj/Air       ######....   1%          5    #####..
f - Conjure Ball Lightni  Conj/Air       ######....   8%          6    ######.


Dungeon Overview and Level Annotations

Branches:
Dungeon (11/15)            Temple (0/1) D:5             Orc (0/2) D:10
   Lair: D:8-11

Altars:
Cheibriados
Elyvilon
Fedhas
Kikubaaqudgha
Pakellas
Sif Muna
Xom
Yredelemnul

Shops:
D:6 %[

Annotations:
D:6 exclusion: sky beast


Innate Abilities, Weirdness & Mutations

You have a beak for a mouth.
You have claws for feet.
You can fly.


Message History

The wraith is severely damaged.
The blast of lightning engulfs you!
Your ball lightning explodes!
The blast of lightning engulfs you!
Ouch! That really hurt!
* * * LOW HITPOINT WARNING * * *
The blast of lightning engulfs the wraith.
The wraith is severely damaged.
The blast of lightning engulfs the centaur zombie.
The blast of lightning engulfs Josephine.
You kill Josephine!
The blast of lightning engulfs the wraith.
You destroy the wraith!
The blast of lightning engulfs the wraith.
You destroy the wraith!
The blast of lightning engulfs the wraith.
You destroy the wraith!
You take 53 damage, and have 1/54 hp.
MASSIVE DAMAGE!!
You now have 10/22 mp.
The centaur zombie hits you.
You die...

..##.......#
. ..#.......#
..#....Y....#
#.....).....#
#.#^..)....#
#.....W....#
..#....Z....#
#......@....#
##...##.#####
P.. #.. P
####


You could see a wraith, a sky beast and a centaur zombie.

Vanquished Creatures
  Josephine (D:11)
  The ghost of Etesian the Zephyrmancer, a novice TeAE of Sif Muna (D:7)
  3 trolls
  2 two-headed ogres
  Sigmund (D:3)
  6 yaks (D:10)
  A wyvern (D:10)
  2 steam dragons (D:7)
  3 wraiths (D:11)
  3 hippogriffs
  Edmund (D:6)
  5 orc warriors (D:10)
  3 ice beasts
  A wasp (D:8)
  2 phantoms
  2 sky beasts
  14 ogres
  2 necrophages
  3 centaurs
  9 giant frogs
  4 gnoll sergeants
  A water moccasin zombie (D:8)
  A wyvern skeleton (D:10)
  4 scorpions
  10 killer bees (D:8)
  6 wights
  5 howler monkeys
  2 electric eels (D:10)
  6 crimson imps
  A quasit (D:8)
  3 jellies
  Crazy Yiuf (D:6)
  6 orc priests
  9 hounds
  11 orc wizards
  2 centaur skeletons
  A giant frog skeleton (D:5)
  2 iguanas
  12 worker ants
  Ijyb (D:2)
  A killer bee zombie (D:10)
  A hound skeleton (D:7)
  5 gnolls
  A howler monkey skeleton (D:4)
  15 adders
  5 shadow imps
  3 oozes
  3 adder skeletons
  An adder zombie (D:5)
  3 worms
  4 dart slugs
  9 giant geckos
  36 orcs
  4 bats
  3 giant cockroaches
  8 goblins
  8 hobgoblins
  14 jackals
  4 quokkas
  2 ball pythons
  A giant gecko skeleton (D:7)
  9 giant newts
  2 jackal skeletons
  7 kobolds
  A quokka skeleton (D:4)
  A quokka zombie (D:5)
  7 rats
  2 plants (D:10)
313 creatures vanquished.

Vanquished Creatures (others)
  5 ball lightnings
  A fungus (D:7)
6 creatures vanquished.

Grand Total: 319 creatures vanquished

Notes
Turn   | Place    | Note
--------------------------------------------------------------
     0 | D:1      | Etesian the Tengu Air Elementalist began the quest for the Orb.
     0 | D:1      | Reached XP level 1. HP: 10/10 MP: 4/4
    37 | D:1      | Reached XP level 2. HP: 7/15 MP: 0/6
   615 | D:1      | Reached XP level 3. HP: 18/19 MP: 3/7
   634 | D:1      | Learned a level 3 spell: Static Discharge
  1585 | D:2      | Found a deep blue altar of Sif Muna.
  1597 | D:2      | Became a worshipper of Sif Muna the Loreminder
  1625 | D:2      | Noticed Ijyb
  1676 | D:2      | Killed Ijyb
  1676 | D:2      | Reached skill level 5 in Air Magic
  1676 | D:2      | Reached XP level 4. HP: 14/24 MP: 1/8
  2222 | D:2      | Found a blossoming altar of Fedhas.
  2222 | D:2      | Found an ancient bone altar of Kikubaaqudgha.
  2471 | D:3      | Noticed an ogre
  2786 | D:3      | Gained mutation: You can fly. [Tengu growth]
  2786 | D:3      | Reached XP level 5. HP: 28/28 MP: 6/9
  2818 | D:3      | Learned a level 5 spell: Lightning Bolt
  2819 | D:3      | Noticed Sigmund
  2985 | D:3      | Found a shimmering altar of Xom.
  3123 | D:3      | Killed an ogre
  3123 | D:3      | Reached skill level 1 in Invocations
  3123 | D:3      | Reached XP level 6. HP: 32/32 MP: 4/11
  3629 | D:4      | Reached * piety under Sif Muna
  3629 | D:4      | Reached skill level 5 in Conjurations
  4033 | D:4      | Reached XP level 7. HP: 36/36 MP: 9/12
  4811 | D:5      | Entered Level 5 of the Dungeon
  4817 | D:4      | Learned a level 2 spell: Repel Missiles
  5165 | D:5      | Found a staircase to the Ecumenical Temple.
  5246 | D:5      | Reached ** piety under Sif Muna
  5246 | D:5      | Reached XP level 8. HP: 5/41 MP: 3/14
  5560 | D:5      | Found a snail-covered altar of Cheibriados.
  6076 | D:6      | Noticed Edmund
  6087 | D:6      | Killed Edmund
  6115 | D:6      | Found Tidejous's Antique Armour Boutique.
  6752 | D:3      | Killed Sigmund
  7398 | D:6      | Found Xien's Food Boutique.
  7429 | D:6      | Noticed Crazy Yiuf
  7433 | D:6      | Killed Crazy Yiuf
  7543 | D:6      | Found an oddly glowing altar of Pakellas.
  7614 | D:6      | Reached skill level 5 in Dodging
  7614 | D:6      | Reached XP level 9. HP: 38/45 MP: 12/16
  7736 | D:6      | Reached *** piety under Sif Muna
  7922 | D:7      | Found a white marble altar of Elyvilon.
  8118 | D:7      | Noticed Etesian's ghost (novice TeAE)
  9604 | D:7      | Killed Etesian's ghost
  9604 | D:7      | Reached skill level 5 in Spellcasting
  9604 | D:7      | Reached skill level 10 in Air Magic
  9934 | D:7      | Reached **** piety under Sif Muna
  9958 | D:7      | Reached skill level 10 in Conjurations
  9958 | D:7      | Reached XP level 10. HP: 45/49 MP: 1/18
 11245 | D:7      | Reached ***** piety under Sif Muna
 12811 | D:7      | HP: 2/50 [sky beast (6)]
 13180 | D:6      | Reached skill level 5 in Invocations
 14837 | D:9      | Found a white marble altar of Elyvilon.
 15270 | D:9      | Reached XP level 11. HP: 44/54 MP: 15/21
 15372 | D:9      | Found a basalt altar of Yredelemnul.
 15745 | D:10     | Entered Level 10 of the Dungeon
 16636 | D:10     | Reached ****** piety under Sif Muna
 16862 | D:10     | Found a staircase to the Orcish Mines.
 16864 | D:10     | Received a gift from Sif Muna
 17006 | D:9      | Learned a level 4 spell: Airstrike
 17013 | D:9      | Learned a level 6 spell: Conjure Ball Lightning
 17689 | D:11     | Noticed Josephine
 17691 | D:11     | HP: 1/54 [ball lightning[the player character] (31)]
 17691 | D:11     | Killed Josephine
 17692 | D:11     | Slain by a centaur zombie

Vault maps used:
D:1:      lightli_arrival_chessboard, minivault_25, minmay_strange_pillars
D:2:      grunt_temple_overflow_growth_and_decay, old_standard_altar,
          first_bread, roderic_roman_lattice, uniq_iyjb
D:3:      tgw_xom, uniq_sigmund
D:5:      minmay_temple_entry_enclosed_plants, kennysheep_slug_shrine
D:6:      serial_shops, shop, kennysheep_little_box, grunt_decor_mini_mirrors,
          grunt_pakellas_basics, uniq_crazy_yiuf_cottage, uniq_edmund
D:7:      kennysheep_steamy, basic_altar
D:9:      kennysheep_ying_yang
D:10:     kennysheep_orc_monster_closet_entryway, serial_bayou_ford_a
D:11:     dpeg_oklobed_lair, hangedman_stone_soup, minmay_crystal_room,
          uniq_maurice, uniq_josephine, uniq_psyche

Skill      XL: |  1  2  3  4  5  6  7  8  9 10 11 |
---------------+----------------------------------+-----
Conjurations   | 2 3 4 5 6 8 10 11 12 | 12.9
Air Magic      | 5 6 7 8 10 11 12 | 12.8
Dodging        | 3 4 5 6 7 |  7.5
Invocations    | 1 2 3 4 5 6 |  6.1
Spellcasting   | 3 4 5 6 |  6.7
Stealth        | |  2.0

Action                   |  1- 3 |  4- 6 |  7- 9 | 10-12 || total
-------------------------+-------+-------+-------+-------++-------
Melee: Unarmed           |     4 |       |       |       ||     4
       Peck              |     4 |     2 |     9 |    12 ||    27
       Spear             |    37 |    29 |    32 |       ||    98
       Kick              |     5 |     2 |    15 |    22 ||    44
       Flail             |       |       |    13 |       ||    13
       Falchion          |       |       |    23 |    15 ||    38
       Halberd           |       |       |       |   117 ||   117
 Cast: Shock             |    61 |    77 |   187 |   199 ||   524
       Static Discharge  |       |     3 |    36 |    31 ||    70
       Repel Missiles    |       |       |     2 |       ||     2
       Lightning Bolt    |       |       |    12 |    46 ||    58
       Conjure Ball Ligh |       |       |       |     3 ||     3
       Airstrike         |       |       |       |     1 ||     1
 Abil: Fly               |       |       |       |     8 ||     8
Evoke: Wand              |       |       |       |     5 ||     5
  Use: Scroll            |     4 |     6 |     5 |     4 ||    19
       Potion            |       |       |       |     2 ||     2
 Stab: Sleeping          |     2 |     6 |       |     3 ||    11
       Distracted        |       |       |     1 |       ||     1
  Eat: Chunk             |     3 |     7 |    19 |    27 ||    56
       Royal jelly       |       |       |     1 |       ||     1
       Beef jerky        |       |       |     1 |       ||     1
       Bread ration      |       |       |       |     3 ||     3
       Fruit             |       |       |       |     2 ||     2
Armor: Robe              |     5 |     5 |    43 |    53 ||   106
Dodge: Dodged            |    29 |    24 |   111 |   190 ||   354
       Deflected         |       |       |     6 |     6 ||    12
